 Dungeon Crawl Stone Soup version 0.27.0-1-g7a089689b8 (webtiles) character file.

Game seed: 960147196987594197

44 Amplified the Ducker (level 3, 0/29 HPs)
             Began as a Minotaur Hedge Wizard on Aug 16, 2021.
             Succumbed to a kobold's poison
             ... on level 1 of the Dungeon.
             The game lasted 00:01:59 (1593 turns).

Amplified the Ducker (Minotaur Hedge Wizard)        Turns: 1593, Time: 00:01:59

Health: 0/29       AC:  6    Str: 14    XL:     3   Next: 41%
Magic:  5/5        EV:  9    Int: 12    God:
Gold:   46         SH:  0    Dex:  9    Spells: 5/6 levels left

rFire    . . .     SeeInvis .   d - +1 short sword (venom)
rCold    . . .     Faith    .   (no shield)
rNeg     . . .     Spirit   .   e - +0 scale mail
rPois    .         Reflect  .   c - +0 hat
rElec    .         Harm     .   (no cloak)
rCorr    .         Rampage  .   (no gloves)
Will     .....                  (no boots)
Stlth    ..........             (no amulet)
HPRegen  0.09/turn              (no ring)
MPRegen  0.09/turn              (no ring)

@: lethally poisoned (0 -> -4)
A: horns 2, retaliatory headbutt
a: no special abilities


You were on level 1 of the Dungeon.
You visited 1 branch of the dungeon, and saw 1 of its levels.

You collected 46 gold pieces.

Inventory:

Hand Weapons
 a - a +0 dagger
 d - a +1 short sword of venom (weapon)
Armour
 b - a +0 robe
 c - a +0 hat (worn)
 e - a +0 scale mail (worn)


   Skills:
 * Level 1.8 Fighting
 * Level 2.1 Armour
 * Level 2.6 Dodging
 - Level 1.5 Stealth
 - Level 2.1 Spellcasting
 - Level 0.8 Conjurations
 - Level 0.8 Summonings
 - Level 0.8 Translocations


You had 5 spell levels left.
You knew the following spells:

 Your Spells              Type           Power      Damage    Failure   Level
a - Magic Dart            Conj           12%        1d3       63%         1

Your spell library contained the following spells:

 Spells                   Type           Power      Damage    Failure   Level
 Blink                    Tloc           N/A        N/A       75%         2
 Call Imp                 Summ           3%         N/A       77%         2
 Slow                     Hex            1%         N/A       86%         2
 Conjure Flame            Conj/Fire      2%         6-21      96%         3
 Mephitic Cloud           Conj/Pois/Air  1%         N/A       97%         3


Dungeon Overview and Level Annotations

Branches:
Dungeon (1/15)

Altars:


Innate Abilities, Weirdness & Mutations

You have a pair of horns on your head.
You reflexively headbutt those who attack you in melee.


Message History

Aiming: Magic Dart (safe; 63% risk of failure)
Press: ? - help, Shift-Dir - straight line, f - kobold
Aim: a kobold, wielding a +1 short sword of venom and wearing a +0 scale mail (100% to hit)
Okay, then.
You closely miss the kobold. You headbutt the kobold.
You kill the kobold!
You feel very sick.
Unknown command.
You feel very sick.
Things that are here:
a +1 short sword of venom; a +0 scale mail; a kobold corpse
d - a +1 short sword of venom You feel very sick.
Your +1 short sword of venom begins to drip with poison!
d - a +1 short sword of venom (weapon)
* * * LOW HITPOINT WARNING * * *
You feel sick.
Unknown command.
You aren't carrying any potions.
Unknown command.
You aren't carrying any scrolls.
Unknown command.
You aren't carrying any pieces of jewellery.
Unknown command.
You aren't carrying any potions.
Unknown command.
Okay, then.
* * * LOW HITPOINT WARNING * * *
You feel very sick.
Unknown command.
* * * LOW HITPOINT WARNING * * *
You feel sick.
Unknown command.
* * * LOW HITPOINT WARNING * * *
You feel sick.
Unknown command.
* * * LOW HITPOINT WARNING * * *
You feel sick.
Unknown command.
You die...

###.....##.......... #.
...................
.#.####.....##..........
............#.........#.
............#...#...†..)
............#...#..#..#.
...................#..#.
...................#....
.......@...............#
...###..................
......................#
.....##....##.....##...
......##....##.....##.##
............[.......)[##
......#......#....##.)..
.#... #......#....##.##.
. #.[....#.......##.


There were no monsters in sight!

Vanquished Creatures
  A dart slug (D:1)
  4 ball pythons (D:1)
  3 bats (D:1)
  2 giant cockroaches (D:1)
  2 goblins (D:1)
  4 hobgoblins (D:1)
  8 jackals (D:1)
  3 quokkas (D:1)
  3 frilled lizards (D:1)
  4 kobolds (D:1)
34 creatures vanquished.

Notes
Turn   | Place    | Note
-------+----------+-------------------------------------------
     0 | D:1      | Amplified the Minotaur Hedge Wizard began the quest for the
                  | Orb.
     0 | D:1      | Reached XP level 1. HP: 14/14 MP: 2/2
   375 | D:1      | Reached skill level 1 in Armour
   381 | D:1      | Reached XP level 2. HP: 3/22 MP: 2/4
   666 | D:1      | Reached skill level 1 in Fighting
  1208 | D:1      | Reached XP level 3. HP: 28/28 MP: 5/5
  1592 | D:1      | HP: 1/29 [poisoned by a kobold]
  1593 | D:1      | Succumbed to a kobold's poison

Illustrated notes

Levels and vault maps discovered:
D:1:      saegor_arrival_miasma, layout_basic, minmay_tetromino_o4

Skill      XL: |  1  2  3 |
---------------+----------+-----
Armour         | 1 2 |  2.1
Fighting       | 1 |  1.8
Dodging        | |  2.6
Stealth        | |  1.5
Spellcasting   | |  2.1
Conjurations   | |  0.8
Summonings     | |  0.8
Translocations | |  0.8

Action                   || total
-------------------------++-------
Melee: Dagger            ||   135
       Headbutt          ||    18
 Cast: Magic Dart        ||     8
Armor: Leather armour    ||    14
       Robe              ||     4
       Scale mail        ||    47
Dodge: Dodged            ||    92
